 Dungeon Crawl Stone Soup version 0.24-a0-275-g6f7e2cb (webtiles) character file.

Game seed: 1765820507964192291

132110 mhoghedin the Tortoise (level 17, -10/112 HPs)
             Began as a Tengu Fighter on Apr 27, 2019.
             Was a High Priest of Okawaru.
             Killed by the raging water
             ... invoked by a water nymph
              (36 damage)
             ... on level 4 of the Shoals.
             The game lasted 01:16:18 (32776 turns).

mhoghedin the Tortoise (Tengu Fighter)             Turns: 32776, Time: 01:16:19

Health: -10/112    AC: 24    Str: 26    XL:     17   Next: 11%
Magic:  20/22      EV: 25    Int: 10    God:    Okawaru [*****.]
Gold:   1709       SH: 30    Dex: 16    Spells: 16/16 levels left

rFire    + . .     SeeInvis +   a - +8 demon blade (elec)
rCold    . . .     Gourm    .   L - +8 large shield
rNeg     . . .     Faith    .   G - +2 chain mail {rF+}
rPois    +         Spirit   .   F - +1 hat {Int+3}
rElec    .         Reflect  .   V - +0 cloak "Compem" {Dex+4 SInv Stlth+}
rCorr    .         Harm     .   S - +0 pair of gloves {Str+3}
MR       ++...                  (boots unavailable)
Stlth    +.........             O - amulet of rage {+Rage, !d}
HPRegen  0.28/turn              y - ring of poison resistance {rPois, !d}
MPRegen  0.18/turn              g - ring of protection from magic {MR+, !d}

@: heroism, flying quickly and evasively, quick
A: beak, talons 3, thin metallic scales 1, clumsy 1, dopey 1, wild magic 1,
MP-powered wands, able to fly
a: Stop Flying, Heroism, Finesse, Renounce Religion, Evoke Berserk Rage


You were on level 4 of the Shoals.
You worshipped Okawaru.
Okawaru was extremely pleased with you.
You were not hungry.

You visited 3 branches of the dungeon, and saw 25 of its levels.

You collected 2065 gold pieces.
You spent 356 gold pieces at shops.

Inventory:

Hand Weapons
 a - a +8 demon blade of electrocution (weapon)
   (Okawaru gifted it to you on level 6 of the Lair of Beasts)
 b - a +2 dagger of electrocution
   (You took it off an orc wizard on level 4 of the Dungeon)
Missiles
 u - 7 throwing nets {=f, !d}
Armour
 F - a +1 hat of intelligence (worn)
   (Okawaru gifted it to you on level 1 of the Lair of Beasts)
 G - a +2 chain mail of fire resistance (worn)
   (You bought it in a shop on level 5 of the Dungeon)
 L - a +8 large shield (worn)
   (You took it off Louise on level 1 of the Shoals)
 M - the +2 scale mail of Pride {SInv}
   (You found it on level 3 of the Lair of Beasts)

   It lets you see invisible.
 R - a scarf of cloud immunity
   (Okawaru gifted it to you on level 13 of the Dungeon)
 S - a +0 pair of gloves of strength (worn)
   (Okawaru gifted it to you on level 3 of the Shoals)
 V - the +0 cloak "Compem" (worn) {Dex+4 SInv Stlth+}
   (Okawaru gifted it to you on level 2 of the Shoals)

   It affects your dexterity (+4).
   It lets you see invisible.
   It makes you more stealthy.
Jewellery
 g - a ring of protection from magic (right hand) {MR+, !d}
   (You found it on level 4 of the Dungeon)
 o - an uncursed ring of fire {rF+, rC-}
   (You found it on level 5 of the Dungeon)
 s - an uncursed ring of protection from cold {rC+, !d}
   (You found it on level 3 of the Dungeon)
 y - a ring of poison resistance (left hand) {rPois, !d}
   (You found it on level 6 of the Lair of Beasts)
 O - an amulet of rage (around neck) {+Rage, !d}
   (You found it on level 12 of the Dungeon)
Wands
 v - a wand of enslavement (2)
   (You found it on level 10 of the Dungeon)
 z - a wand of flame (51)
   (You found it on level 9 of the Dungeon)
 I - a wand of paralysis (4)
   (You found it on level 3 of the Lair of Beasts)
 K - a wand of polymorph (7)
   (You found it on level 3 of the Lair of Beasts)
 T - a wand of digging (4)
   (You found it on level 2 of the Shoals)
 U - a wand of scattershot (2)
   (You found it on level 2 of the Shoals)
Scrolls
 e - 9 scrolls of teleportation
 i - 2 scrolls of magic mapping {!r}
 k - 3 scrolls of identify
 l - 13 scrolls of remove curse
 t - 5 scrolls of fear
 C - 2 scrolls of fog
 D - 2 scrolls of blinking {!r}
 N - a scroll of vulnerability {!r!r}
 Q - 3 scrolls of enchant weapon
Potions
 f - 2 potions of ambrosia
 h - 3 potions of heal wounds
 p - 4 potions of cancellation
 q - 7 potions of curing
 r - a potion of mutation {!q}
 w - 4 potions of haste
 x - 2 potions of brilliance
 A - 3 potions of might
 B - 2 potions of agility
 H - a potion of magic
 J - a potion of invisibility
Miscellaneous
 n - a box of beasts
 E - a fan of gales
   (You found it on level 11 of the Dungeon)
 P - a lamp of fire (inert)
   (You found it on level 12 of the Dungeon)
Comestibles
 m - 25 rations


   Skills:
 + Level 14.6(19.6) Fighting
 + Level 11.5(16.5) Long Blades
 + Level 15.6(20.6) Armour
 + Level 15.5(20.5) Dodging
 + Level 11.4(16.4) Shields
 - Level 5.2 Invocations
 - Level 5.6 Evocations


You had 16 spell levels left.
You didn't know any spells.
Your spell library contained the following spells:

 Spells                   Type           Power        Failure   Level  Hunger
 Confusing Touch          Hex            #.....       99%         1    ##.....
 Magic Dart               Conj           #...         99%         1    ##.....
 Sandblast                Erth           #.....       99%         1    ##.....
 Sting                    Conj/Pois      #...         99%         1    ##.....
 Summon Butterflies       Summ           #.......     99%         1    ##.....
 Blink                    Tloc           N/A          99%         2    ###....
 Call Imp                 Summ           #.......     99%         2    ###....
 Passwall                 Tmut/Erth      #.......     99%         2    ###....
 Poisonous Vapours        Pois/Air       #.....       99%         2    ###....
 Slow                     Hex            #.......     99%         2    ###....
 Call Canine Familiar     Summ           #.......     100%        3    ####...
 Confuse                  Hex            #.......     100%        3    ####...
 Conjure Flame            Conj/Fire      #.......     100%        3    ####...
 Dazzling Spray           Conj/Hex       #.....       100%        3    ####...
 Gell's Gravitas          Tloc           #.........   100%        3    ####...
 Mephitic Cloud           Conj/Pois/Air  #.......     100%        3    ####...
 Recall                   Summ/Tloc      N/A          100%        3    ####...
 Static Discharge         Conj/Air       #.......     100%        3    ####...
 Stone Arrow              Conj/Erth      #.....       100%        3    ####...
 Teleport Other           Tloc           #.......     100%        3    ####...
 Animate Dead             Necr           N/A          100%        4    #####..
 Olgreb's Toxic Radiance  Pois           #.......     100%        4    #####..
 Petrify                  Tmut/Erth      #.......     100%        4    #####..
 Summon Ice Beast         Ice/Summ       #.......     100%        4    #####..
 Borgnjor's Vile Clutch   Necr/Erth      #.........   100%        5    ######.
 Lee's Rapid Deconstruct  Erth           #.........   100%        5    ######.
 Metabolic Englaciation   Hex/Ice        #.........   100%        5    ######.
 Summon Mana Viper        Hex/Summ       #.......     100%        5    ######.
 Venom Bolt               Conj/Pois      #.........   100%        5    ######.
 Yara's Violent Unravell  Hex/Tmut       #.........   100%        5    ######.
 Death Channel            Necr           #.........   100%        6    #######
 Simulacrum               Ice/Necr       #.........   100%        6    #######
 Summon Hydra             Summ           #.........   100%        7    #######


Dungeon Overview and Level Annotations

Branches:
Dungeon (15/15)            Temple (0/1) D:7            Lair (6/6) D:10
 Shoals (4/4) Lair:4       Spider (0/4) Lair:4        Slime (0/5) Lair:5
    Orc (0/2) D:12         Vaults (0/5) D:14         Depths (0/5) D:15

Altars:
Ashenzari
Cheibriados
Dithmenos
Elyvilon
Fedhas
Kikubaaqudgha
Makhleb
Nemelex Xobeh
Okawaru
Qazlal
Uskayaw
Vehumet
Xom
Yredelemnul
Zin
The Shining One

Shops:
D:5 [   D:6 %   D:9 *   D:13 :

Portals:
Trove: D:14 (give +7 demon whip)

Annotations:
D:14 1 runed translucent door, Inarius's ghost, journeyman MiMo
Shoals:1 3 runed translucent doors, exclusion: obsidian statue, Bomoishrouc's ghost, journeyman GnSk
Shoals:4 Aizul


Innate Abilities, Weirdness & Mutations

You have a beak for a mouth.
You have claws for feet.
You can fly continuously.
You are partially covered in thin metallic scales. (AC +2)
You are clumsy. (Dex -2)
You are dopey. (Int -2)
Your spells are a little harder to cast, but a little more powerful.
You expend magic power (3 MP) to strengthen your wands.


Message History

The water nymph touches you. The water nymph drowns you!
You take 13 damage, and have 90/112 hp.
You hit the water nymph.
Lightning courses through the water nymph!
Your kick misses the water nymph. You miss the water nymph.
Your kick misses the water nymph.
You peck the water nymph, but do no damage.
You block the water nymph's attack.
Your shield and chain mail prevent you from hitting the water nymph.
You claw the water nymph, but do no damage.
You peck the water nymph.
The water nymph gestures at you while chanting.
The water rises up and strikes you!
You take 13 damage, and have 77/112 hp.
You slash the water nymph!
You kill the water nymph!
Okawaru accepts your kill.
You hear a screech!
A merfolk impaler comes into view.
It is wielding a +3 vampiric demon trident.
You block the merfolk impaler's attack.
A hippogriff and 2 water elementals come into view.
You block the merfolk impaler's attack. You block the hippogriff's attack. x2
The hippogriff claws you but does no damage.
You see here a water nymph corpse.
You slash the merfolk impaler! Your kick misses the merfolk impaler.
Your peck misses the merfolk impaler. You block the merfolk impaler's attack.
You completely miss the merfolk impaler.
Your peck misses the merfolk impaler. You block the hippogriff's attack. x3
The merfolk impaler hits you but does no damage.
You miss the merfolk impaler. You claw the merfolk impaler.
Your peck misses the merfolk impaler. You block the water elemental's attack.
You block the merfolk impaler's attack.
The hippogriff bites you but does no damage.
You block the hippogriff's attack. x2
You gain the combat prowess of a mighty hero.
The merfolk impaler misses you.
You riposte.
You slice the merfolk impaler!! Your kick misses the merfolk impaler.
You block the water elemental's attack. x2
The hippogriff bites you. The hippogriff misses you.
You block the hippogriff's attack.
The merfolk impaler hits you but does no damage.
You take 4 damage, and have 74/112 hp.
You now have 18/22 mp.
You closely miss the merfolk impaler. Your kick misses the merfolk impaler.
You block the water elemental's attack. The merfolk impaler barely misses you.
You block the water elemental's attack. You block the hippogriff's attack. x2
The hippogriff claws you but does no damage.
You hit the merfolk impaler. Your kick misses the merfolk impaler.
Your peck misses the merfolk impaler.
The merfolk impaler hits you but does no damage.
The water elemental hits you!
The water elemental engulfs you in water!
You take 12 damage, and have 62/112 hp.
You are too injured to fight recklessly!
You are too injured to fight recklessly!
You miss the merfolk impaler. You claw the merfolk impaler.
You peck the merfolk impaler!
Your lungs strain for air!
The water elemental hits you! The hippogriff closely misses you.
You block the hippogriff's attack. x2
The merfolk impaler hits you with a +3 vampiric demon trident!
The merfolk impaler draws strength from your wounds!
The water elemental hits you.
You take 27 damage, and have 35/112 hp.
MASSIVE DAMAGE!!
Unknown command.
You slip free of the water engulfing you.
You gasp with relief as air once again reaches your lungs.
You block the merfolk impaler's attack.
The merfolk impaler hits you from afar with a +3 vampiric demon trident!
* * * LOW HITPOINT WARNING * * *
You take 11 damage, and have 24/112 hp.
The water elemental hits you.
The water elemental engulfs you in water!
Unknown command.
You cannot read scrolls while unable to breathe!
Unknown command.
Unknown command.
Unknown command.
You slip free of the water engulfing you.
You gasp with relief as air once again reaches your lungs.
As you read the scroll of teleportation, it crumbles to dust.
You feel strangely unstable.
The hippogriff bites you but does no damage.
You block the hippogriff's attack. The hippogriff misses you.
You block the merfolk impaler's attack. You block the water elemental's attack.
Unknown command.
You block the water elemental's attack.
A merfolk javelineer comes into view. It is wielding a +0 spear of freezing.
The merfolk javelineer shouts!
You hear a shout! x2
The merfolk javelineer throws a javelin.
You block the javelin.
You hear a splash.
You see here a javelin.
A merfolk impaler comes into view. It is wielding a +1 trident of flaming.
Your surroundings suddenly seem different.
A water nymph comes into view.
The water nymph shouts!
The merfolk impaler moves out of view.
The water nymph points at you and mumbles some strange words.
The water rises up and strikes you!
You die...

≈≈≈≈≈########################
≈≈≈≈≈≈≈≈≈≈≈≈≈≈≈≈≈≈≈≈≈≈≈≈≈≈≈≈≈
≈≈≈≈≈≈≈≈≈≈≈≈≈≈≈≈≈≈≈≈≈≈≈≈≈≈≈≈≈
≈≈≈≈≈≈≈≈≈≈≈≈≈≈≈≈≈≈≈≈≈≈≈≈≈≈≈≈m
≈≈≈≈≈≈≈≈≈≈≈≈≈≈≈≈≈≈≈≈≈≈≈≈≈≈≈≈m
≈≈≈≈≈≈≈≈≈≈≈≈≈≈≈≈≈≈m≈≈≈≈≈S.m##
≈≈≈≈≈≈≈≈≈≈≈≈@≈≈≈≈≈≈≈≈≈....#≈≈
≈≈≈≈≈≈≈≈≈≈≈≈≈≈≈P≈P≈≈≈....#.#≈
≈≈≈≈≈≈≈≈≈≈≈≈≈≈P≈≈≈≈≈≈...#.#≈≈
≈≈≈≈≈≈≈≈≈≈≈≈≈≈P≈≈≈≈≈≈...#..≈≈
≈≈≈≈≈≈≈≈≈≈≈≈≈≈≈P≈.≈≈≈...#.≈≈≈
≈≈≈≈≈≈≈≈≈≈≈≈≈PP≈≈≈≈P≈...#.≈#≈
≈≈≈≈≈≈≈≈≈≈≈≈≈PP≈≈≈≈≈≈..≈#≈≈≈≈
≈≈≈≈≈≈≈≈≈≈≈≈≈P≈≈≈≈≈≈≈≈≈≈##≈≈≈
≈≈≈≈≈≈≈≈≈≈≈≈≈≈≈...≈≈≈≈≈≈≈##≈≈


You could see a water nymph.

Vanquished Creatures
  Rupert (D:15)
  A kraken (Shoals:4)
  Frances (Shoals:1)
  Polyphemus (Shoals:4)
  Louise (Shoals:1)
  Snorg (D:12)
  2 fire dragons (D:15)
  3 merfolk impalers
  Josephine (Lair:4)
  6 hydras
  An ice dragon (D:15)
  4 vault guards (D:14)
  A merfolk avatar (Shoals:1)
  2 alligator snapping turtles (Shoals:4)
  2 centaur warriors (D:15)
  2 satyrs
  A merfolk aquamancer (Shoals:2)
  5 death yaks
  7 two-headed ogres
  A tengu warrior (D:14)
  Urug (Lair:2)
  Sonja (Lair:5)
  4 unseen horrors
  7 sea snakes
  4 harpies (Shoals:1)
  An orc knight (D:15)
  A deep elf mage (D:13)
  7 ugly things
  17 fauns
  6 cyclopes
  10 manticores
  2 black mambas
  10 elephants
  4 water nymphs
  13 merfolk sirens
  2 gargoyles
  25 spiny frogs
  A torpor snail (Lair:6)
  4 kobold demonologists (D:11)
  2 rime drakes
  A yaktaur (Shoals:3)
  An efreet (D:15)
  A tengu conjurer (D:13)
  9 komodo dragons
  A guardian mummy (D:14)
  A queen bee (D:14)
  A polar bear (Lair:5)
  25 merfolk
  3 meliai (D:14)
  6 trolls
  A jumping spider (Lair:4)
  2 hornets
  4 wind drakes
  20 blink frogs
  16 dream sheep
  5 tyrant leeches (Lair:6)
  4 hippogriffs
  6 slime creatures (D:14)
  9 snapping turtles
  6 water elementals
  6 wyverns
  A wyvern (shapeshifter) (D:14)
  2 redbacks (Lair:4)
  A tarantella (shapeshifter) (D:13)
  A vampire (D:13)
  40 yaks
  7 wraiths
  16 vampire mosquitoes
  A steam dragon (Shoals:4)
  2 basilisks
  2 hungry ghosts
  A warg (D:15)
  Duvessa (D:4)
  13 water moccasins
  4 porcupines
  3 black bears
  9 orc warriors
  An eye of draining (D:9)
  5 sky beasts
  4 ice beasts
  2 necrophages (D:14)
  4 phantoms
  10 ogres
  15 wolves
  16 centaurs
  7 crocodiles
  4 big kobolds
  A gnoll sergeant (D:6)
  34 bullfrogs
  Dowan (D:4)
  2 scorpions
  A troll zombie (D:14)
  29 killer bees
  7 electric eels
  20 wights
  2 howler monkeys (D:8)
  5 human zombies (D:14)
  5 crimson imps
  3 quasits
  4 centaur zombies
  4 jellies
  9 hounds
  A bullfrog zombie (D:7)
  3 orc priests
  7 centaur skeletons
  19 orc wizards
  3 bullfrog skeletons
  An iron imp (D:9)
  Jessica (D:2)
  6 iguanas
  Natasha (D:2)
  5 worker ants
  3 hound skeletons
  3 mummies (D:14)
  A worker ant zombie (D:11)
  14 gnolls
  A howler monkey skeleton (D:5)
  13 adders
  5 shadow imps
  An ooze (D:2)
  An adder zombie (D:7)
  3 adder skeletons
  2 worms
  4 dart slugs
  9 leopard geckos
  54 orcs
  2 ball pythons (D:1)
  4 giant cockroaches
  7 goblins
  7 hobgoblins
  8 jackals
  9 quokkas
  3 bats
  7 frilled lizards
  A giant cockroach zombie (D:5)
  A jackal skeleton (D:5)
  A jackal zombie (D:6)
  16 kobolds
  A quokka zombie (D:5)
  4 rats
  A plant (D:10)
  A tentacle (Shoals:4)
827 creatures vanquished.

Vanquished Creatures (others)
  A harpy (Shoals:1)
  An elephant (Lair:1)
  A water moccasin (Lair:1)
  2 wolves (Lair:1)
  A bush (Lair:6)
  9 fungi
  43 plants
  4 tentacles (Shoals:4)
62 creatures vanquished.

Grand Total: 889 creatures vanquished

Notes
Turn   | Place    | Note
-------+----------+-------------------------------------------
     0 | D:1      | mhoghedin the Tengu Fighter began the quest for the Orb.
     0 | D:1      | Reached XP level 1. HP: 14/14 MP: 2/2
    22 | D:1      | HP: 1/14 [jackal (3)]
   344 | D:1      | Reached XP level 2. HP: 19/19 MP: 3/3
   530 | D:1      | Reached skill level 1 in Dodging
   580 | D:1      | Reached XP level 3. HP: 11/23 MP: 4/4
  1444 | D:2      | Reached XP level 4. HP: 22/28 MP: 5/5
  1537 | D:2      | Noticed Jessica
  1549 | D:2      | Killed Jessica
  1549 | D:2      | Reached skill level 3 in Long Blades
  1549 | D:2      | Noticed Natasha
  1556 | D:2      | Killed Natasha
  1556 | D:2      | Reached skill level 2 in Dodging
  1810 | D:2      | Gained mutation: You can fly continuously. [Tengu growth]
  1810 | D:2      | Reached XP level 5. HP: 31/33 MP: 6/6
  2046 | D:2      | Found an iron altar of Okawaru.
  2115 | D:2      | Became a worshipper of Warmaster Okawaru
  2225 | D:3      | Found a blossoming altar of Fedhas.
  2226 | D:3      | Found an ancient bone altar of Kikubaaqudgha.
  2572 | D:3      | Reached skill level 4 in Shields
  2574 | D:3      | Found a shattered altar of Ashenzari.
  2618 | D:3      | Reached skill level 4 in Fighting
  2619 | D:3      | Reached XP level 6. HP: 10/38 MP: 7/7
  2932 | D:3      | Found a glowing silver altar of Zin.
  2932 | D:3      | Found a faded altar of an unknown god.
  2938 | D:3      | Found a radiant altar of Vehumet.
  2941 | D:3      | Found a basalt altar of Yredelemnul.
  2943 | D:3      | Found a hide-covered altar of Uskayaw.
  3121 | D:4      | Got a faintly humming leather armour
  3136 | D:3      | Identified the +1 leather armour of Cesomuph {rElec} (You
                  | found it on level 4 of the Dungeon)
  3159 | D:4      | Reached skill level 3 in Dodging
  3161 | D:4      | Reached skill level 4 in Long Blades
  3440 | D:4      | Noticed an ice beast
  3455 | D:4      | Gained mutation: Your system is resistant to poisons.
                  | (rPois) [potion of mutation]
  3455 | D:4      | Gained mutation: You are partially covered in thin metallic
                  | scales. (AC +2) [potion of mutation]
  3482 | D:4      | Reached skill level 4 in Armour
  3485 | D:4      | Reached XP level 7. HP: 35/44 MP: 8/8
  3508 | D:4      | Noticed Duvessa
  3515 | D:4      | Noticed Dowan
  3541 | D:4      | Killed Duvessa
  3553 | D:4      | Killed Dowan
  3553 | D:4      | Reached * piety under Okawaru
  4057 | D:4      | Reached skill level 2 in Invocations
  4293 | D:5      | Entered Level 5 of the Dungeon
  4485 | D:5      | Reached XP level 8. HP: 36/48 MP: 9/11
  4545 | D:5      | Reached skill level 3 in Invocations
  4658 | D:5      | Found a glowing golden altar of the Shining One.
  4827 | D:5      | Found a sparkling altar of Nemelex Xobeh.
  4899 | D:5      | Reached skill level 4 in Invocations
  5160 | D:5      | Found Buepe's Antique Armour Shoppe.
  5237 | D:5      | Reached ** piety under Okawaru
  5284 | D:5      | Reached skill level 5 in Invocations
  5689 | D:6      | Reached skill level 4 in Dodging
  5689 | D:6      | Reached skill level 5 in Shields
  5714 | D:6      | Reached skill level 5 in Fighting
  5736 | D:6      | Found a shadowy altar of Dithmenos.
  5845 | D:6      | Reached skill level 5 in Long Blades
  5872 | D:6      | Reached skill level 5 in Armour
  5891 | D:6      | Reached XP level 9. HP: 30/54 MP: 10/13
  6423 | D:6      | Reached skill level 5 in Dodging
  6628 | D:6      | Found a burning altar of Makhleb.
  6629 | D:6      | Noticed a green death
  6705 | D:6      | Reached *** piety under Okawaru
  6790 | D:6      | Found Liofaeff's Food Shop.
  6934 | D:5      | Bought a faintly humming cloak for 199 gold pieces
  6939 | D:5      | Identified the cursed +0 cloak "Tixzeamm" {rPois rF- Str+3}
                  | (You bought it in a shop on level 5 of the Dungeon)
  7202 | D:7      | Reached skill level 6 in Long Blades
  7202 | D:7      | Reached skill level 6 in Shields
  7215 | D:7      | Reached skill level 6 in Fighting
  7228 | D:7      | Reached skill level 6 in Armour
  7574 | D:7      | Reached skill level 6 in Dodging
  7574 | D:7      | Reached XP level 10. HP: 24/61 MP: 11/14
  7581 | D:7      | Reached **** piety under Okawaru
  8010 | D:7      | Found a staircase to the Ecumenical Temple.
  8304 | D:7      | Reached skill level 7 in Long Blades
  8332 | D:8      | Reached skill level 7 in Armour
  8413 | D:8      | Noticed a two-headed ogre
  8421 | D:8      | Killed a two-headed ogre
  8421 | D:8      | Reached skill level 7 in Fighting
  8421 | D:8      | Reached skill level 7 in Shields
  8683 | D:7      | Reached skill level 7 in Dodging
  8812 | D:7      | Lost mutation: Your system is resistant to poisons. (rPois)
                  | [potion of mutation]
  8812 | D:7      | Gained mutation: You possess an exceptional clarity of
                  | mind. [potion of mutation]
  8812 | D:7      | Gained mutation: You are resistant to hostile enchantments.
                  | (MR+) [potion of mutation]
  9215 | D:9      | Noticed a two-headed ogre
  9228 | D:9      | Killed a two-headed ogre
  9228 | D:9      | Reached ***** piety under Okawaru
  9232 | D:9      | Reached XP level 11. HP: 61/67 MP: 12/15
  9425 | D:9      | Reached skill level 8 in Long Blades
  9524 | D:9      | Reached skill level 8 in Armour
  9535 | D:9      | Found a transporter.
  9749 | D:9      | Found a transporter.
 10143 | D:9      | Reached skill level 8 in Shields
 10258 | D:9      | Reached skill level 8 in Fighting
 10374 | D:9      | Found Xigirara's Assorted Antiques.
 10513 | D:9      | Found a snail-covered altar of Cheibriados.
 10641 | D:9      | Reached skill level 8 in Dodging
 10705 | D:10     | Entered Level 10 of the Dungeon
 11067 | D:10     | Found a staircase to the Lair.
 11175 | D:10     | Killed an unseen horror
 11520 | Lair:1   | Entered Level 1 of the Lair of Beasts
 11824 | Lair:1   | Received a gift from Okawaru
 11841 | Lair:1   | Reached skill level 9 in Armour
 11876 | Lair:1   | HP: 16/69 [wolf (9)]
 11888 | Lair:1   | Reached skill level 9 in Dodging
 12115 | Lair:1   | Found a white marble altar of Elyvilon.
 12261 | Lair:1   | Reached XP level 12. HP: 75/75 MP: 16/16
 12322 | Lair:1   | Reached skill level 9 in Shields
 12861 | Lair:2   | Reached skill level 9 in Fighting
 12871 | Lair:2   | Reached skill level 9 in Long Blades
 13324 | Lair:2   | Noticed Urug
 13362 | Lair:2   | Killed Urug
 14212 | Lair:2   | Reached skill level 10 in Armour
 14228 | Lair:2   | HP: 19/76 [poisoned by a spiny frog]
 14234 | Lair:2   | HP: 17/76 [poisoned by a spiny frog]
 14242 | Lair:2   | HP: 17/76 [poisoned by a spiny frog]
 14250 | Lair:2   | HP: 17/76 [poisoned by a spiny frog]
 14755 | D:5      | Bought a runed chain mail for 157 gold pieces
 15010 | Lair:3   | Received a gift from Okawaru
 15015 | Lair:3   | Got a shimmering great sword {god gift}
 15016 | Lair:3   | Identified the +4 great sword of Optimality {venom, *Slow
                  | rF- rN+++ Dex+6} (Okawaru gifted it to you on level 3 of
                  | the Lair of Beasts)
 15163 | Lair:3   | Reached skill level 10 in Dodging
 15402 | Lair:3   | Got a dazzling scale mail
 15457 | Lair:3   | Identified the +2 scale mail of Pride {SInv} (You found it
                  | on level 3 of the Lair of Beasts)
 15845 | Lair:4   | Found a staircase to the Shoals.
 15853 | Lair:4   | Identified the +0 shortbow of the Thirsty Demons {velocity,
                  | MR+} (You found it on level 4 of the Lair of Beasts)
 15866 | Lair:4   | Found a hole to the Spider Nest.
 16862 | Lair:4   | Reached skill level 10 in Long Blades
 17200 | Lair:4   | Noticed Josephine
 17259 | Lair:4   | Killed Josephine
 17259 | Lair:4   | Reached skill level 10 in Fighting
 17259 | Lair:4   | Reached skill level 10 in Shields
 17259 | Lair:4   | Reached XP level 13. HP: 62/82 MP: 15/17
 17970 | Lair:5   | Noticed Sonja
 17988 | Lair:5   | Killed Sonja
 18107 | Lair:5   | Received a gift from Okawaru
 18195 | Lair:5   | Reached ****** piety under Okawaru
 18206 | Lair:5   | Found a staircase to the Slime Pits.
 18227 | Lair:5   | HP: 19/83 [nine-headed hydra (2)]
 18620 | Lair:5   | Reached skill level 11 in Armour
 18635 | Lair:5   | Received a gift from Okawaru
 18638 | Lair:5   | Got an amethyst-encrusted ring mail {god gift}
 18639 | Lair:5   | Identified the +2 ring mail of Biawes {rF+} (Okawaru gifted
                  | it to you on level 5 of the Lair of Beasts)
 18882 | Lair:6   | Entered Level 6 of the Lair of Beasts
 18897 | Lair:6   | Reached skill level 11 in Dodging
 19089 | Lair:6   | Reached skill level 11 in Fighting
 19501 | Lair:6   | Reached XP level 14. HP: 84/90 MP: 18/18
 19558 | Lair:6   | Reached skill level 12 in Armour
 19749 | Lair:6   | Reached skill level 12 in Dodging
 19829 | Lair:6   | Received a gift from Okawaru
 20118 | Lair:6   | Got a bloodstained cloak
 20133 | Lair:6   | Identified the +2 cloak of the Bulwark {Int+2} (You found
                  | it on level 6 of the Lair of Beasts)
 20446 | Lair:6   | Reached skill level 12 in Fighting
 20486 | Lair:6   | Received a gift from Okawaru
 21491 | D:11     | Lost mutation: You possess an exceptional clarity of mind.
                  | [a neqoxec]
 21496 | D:11     | Gained mutation: You are clumsy. (Dex -2) [a neqoxec]
 21681 | D:11     | Reached skill level 13 in Armour
 21934 | D:12     | Found a staircase to the Orcish Mines.
 21983 | D:12     | Reached skill level 13 in Dodging
 22255 | D:12     | Noticed Snorg
 22263 | D:12     | Killed Snorg
 22313 | D:12     | Received a gift from Okawaru
 22810 | D:13     | Found Jesyofuz's Book Emporium.
 22840 | D:13     | Reached XP level 15. HP: 90/97 MP: 19/19
 23047 | D:13     | Received a gift from Okawaru
 23240 | D:14     | Found a gate to the Vaults.
 23251 | D:14     | Reached skill level 13 in Fighting
 23503 | D:14     | Reached skill level 14 in Armour
 23873 | D:14     | Found a portal to a secret trove of treasure.
 23972 | D:14     | HP: 4/99 [titanic slime creature (95)]
 24355 | D:14     | Found a runed translucent door.
 24356 | D:14     | Found a shimmering altar of Xom.
 24356 | D:14     | Noticed Inarius's ghost (journeyman MiMo)
 24356 | D:14     | Identified the +5 dire flail "Temojof" {chaos, rN+}
 24438 | D:14     | Reached skill level 14 in Dodging
 25066 | D:14     | Found a basalt altar of Yredelemnul.
 25204 | D:15     | Entered Level 15 of the Dungeon
 25247 | D:15     | Noticed Rupert
 25283 | D:15     | Killed Rupert
 25749 | D:15     | Found a staircase to the Depths.
 25979 | D:15     | Received a gift from Okawaru
 25984 | D:15     | Identified the +1 long sword of the Jolly Beds {slice,
                  | +Rage rPois Str+4} (Okawaru gifted it to you on level 15 of
                  | the Dungeon)
 26256 | Shoals:1 | Entered Level 1 of the Shoals
 26291 | Shoals:1 | Reached skill level 14 in Fighting
 26439 | Shoals:1 | Reached XP level 16. HP: 68/106 MP: 20/20
 26499 | Shoals:1 | HP: 25/106 [merfolk/+0 trident (13)]
 26799 | Shoals:1 | Lost mutation: You are resistant to hostile enchantments.
                  | (MR+) [potion of mutation]
 26799 | Shoals:1 | Gained mutation: You are dopey. (Int -2) [potion of
                  | mutation]
 26799 | Shoals:1 | Gained mutation: You expend magic power (3 MP) to
                  | strengthen your wands. [potion of mutation]
 26799 | Shoals:1 | Gained mutation: Your spells are a little harder to cast,
                  | but a little more powerful. [potion of mutation]
 26892 | Shoals:1 | Noticed Louise
 26919 | Shoals:1 | Killed Louise
 26919 | Shoals:1 | Reached skill level 11 in Long Blades
 27006 | Shoals:1 | Noticed Frances
 27029 | Shoals:1 | Killed Frances
 27415 | Shoals:1 | Found a runed translucent gate.
 27415 | Shoals:1 | Found a runed translucent gate.
 27415 | Shoals:1 | Found a runed translucent gate.
 27417 | Shoals:1 | Found an opulent altar of Gozag.
 27417 | Shoals:1 | Found Puin's Assorted Antiques.
 27418 | Shoals:1 | Noticed Bomoishrouc's ghost (journeyman GnSk)
 27896 | Shoals:2 | Reached skill level 15 in Armour
 28039 | Shoals:2 | Received a gift from Okawaru
 28042 | Shoals:2 | Got an ancient cloak {god gift}
 28053 | Shoals:2 | Identified the +0 cloak "Compem" {Dex+4 SInv Stlth+}
                  | (Okawaru gifted it to you on level 2 of the Shoals)
 28096 | Shoals:2 | HP: 20/106 [snapping turtle (14)]
 28466 | Shoals:2 | Reached skill level 15 in Dodging
 28921 | Shoals:2 | Reached skill level 11 in Shields
 29754 | Shoals:3 | Found a stormy altar of Qazlal.
 30254 | Shoals:3 | Found a blossoming altar of Fedhas.
 30944 | Shoals:3 | Received a gift from Okawaru
 31060 | Shoals:3 | Reached skill level 1 in Evocations
 31069 | Shoals:3 | Reached skill level 2 in Evocations
 31177 | Shoals:4 | Entered Level 4 of the Shoals
 31234 | Shoals:4 | Reached skill level 3 in Evocations
 31249 | Shoals:4 | Identified the +6 great sword of Zic Dehomp {slice, Dex+4}
 31416 | Shoals:4 | Reached skill level 4 in Evocations
 31570 | Shoals:4 | Noticed Aizul
 31765 | Shoals:4 | Reached skill level 5 in Evocations
 31794 | Shoals:4 | HP: 16/107 [Aizul/poison arrow (31)]
 31816 | Shoals:4 | HP: 26/107 [Aizul (2)]
 31840 | Shoals:4 | Identified Osuh's Primer on Wizardry
 32093 | Shoals:4 | Noticed Polyphemus
 32130 | Shoals:4 | Killed Polyphemus
 32130 | Shoals:4 | Reached XP level 17. HP: 112/112 MP: 22/22
 32483 | Shoals:4 | Noticed a kraken
 32495 | Shoals:4 | Killed a kraken
 32768 | Shoals:4 | HP: 24/112 [merfolk impaler/+3 vampiric demon trident (11)]
 32776 | Shoals:4 | Killed from afar by a water nymph

Levels and vault maps discovered:
D:1:      dpeg_arrival_simpleton_a, layout_loops_corners
D:2:      layout_loops_ring, okawaru_altar_gauntlet_db, uniq_natasha,
          uniq_jessica
D:3:      layout_loops_ring, grunt_temple_overflow_growth_and_decay,
          overflow_temple_1_default, chequers_temple_overflow_minitemple
D:4:      layout_cave_pools, first_ration, uniq_duvessa
D:5:      layout_basic, marbit_many_paths, tso_altar, serial_shops,
          nicolae_shop_window_shopping, minmay_stone_trees_small,
          eino_tiny_chamber, lemuel_another_geyser
D:6:      layout_loops_ring, grunt_dithmenos_smoke_and_mirrors,
          makhleb_altar_promises_db, serial_shops, nicolae_shop_behind_doors
D:7:      layout_rooms, minmay_temple_entry_enclosed_plants, grunt_ogre_cave
D:8:      layout_rooms
D:9:      gammafunk_steamed_eel, layout_gridville, slow_altar_1, serial_shops,
          shop, chequers_big_river, kennysheep_generic_room_8
D:10:     layout_long_grid, dpeg_oklobed_lair, eino_tiny_chamber,
          serial_bayou_ford_a
D:11:     layout_roguey
D:12:     layout_roguey, david_orc_2, hangedman_decor_opposing, uniq_snorg
D:13:     layout_rooms, serial_shops, shop
D:14:     layout_long_grid, lightli_vaults_fourway_checkpoint,
          lemuel_mausoleum_altar_yredelemnul, ebering_ghost_xom,
          nicolae_trove_entry_path_of_doom, special_room [special_room_bee]
D:15:     grunt_enter_depths_hoard, layout_cross, abandoned_shop, uniq_rupert
Lair:1:   layout_layer_cave, basic_altar, grunt_megastairs_5
Lair:2:   layout_regular_city, serial_rivers, chequers_serial_rivers_room_b,
          chequers_serial_rivers_small_3, chequers_serial_rivers_room_a,
          chequers_serial_rivers_small_3, chequers_serial_rivers_small_b,
          st_stairs_8, serial_bayou_lagoon_b, infiniplex_staircase_pool_2,
          uniq_urug
Lair:3:   layout_regular_city
Lair:4:   layout_layer_cave, elwin_shoals_entry_rocks, spider_nest_entry_a,
          chequers_serial_rivers_room_a, grunt_megastairs_2, uniq_josephine
Lair:5:   layout_regular_city, slime_dummy, uniq_sonja
Lair:6:   minmay_lair_end_frog_pond, layout_gridlike
Shoals:1: layout_shoals, ebering_ghost_gozag,
          nicolae_shoals_arrival_archipelago, uniq_frances, uniq_louise
Shoals:2: cheibrodos_shoals_oceanic_diplomacy, layout_shoals
Shoals:3: layout_shoals, hangedman_feature_mirror,
          nicolae_shoals_circle_sea_wall, yaktaur_hedge
Shoals:4: shoals_end_hangedman, layout_shoals, nicolae_shoals_drake_roost,
          uniq_polyphemus, uniq_aizul

Skill      XL: |  1  2  3  4  5  6  7  8  9 10 11 12 13 14 15 16 |
---------------+-------------------------------------------------+-----
Dodging        | 1 2 3 4 6 7 9 10 11 13 14 15 | 15.5
Long Blades    | 3 4 5 6 7 8 10 11 | 11.5
Shields        | 4 5 6 7 8 10 11 | 11.4
Fighting       | 4 5 6 7 8 10 11 12 14 | 14.6
Armour         | 4 5 6 7 9 10 11 13 14 15 | 15.6
Invocations    | 2 5 |  5.2
Evocations     | 5 |  5.6

Action                   |  1- 3 |  4- 6 |  7- 9 | 10-12 | 13-15 | 16-18 || total
-------------------------+-------+-------+-------+-------+-------+-------++-------
Melee: Long sword        |    65 |   130 |    99 |   333 |   300 |       ||   927
       Peck              |    14 |    15 |    72 |   159 |   282 |   153 ||   695
       Kick              |     9 |    39 |   124 |   273 |   423 |   234 ||  1102
       Dagger            |       |       |   303 |   442 |    83 |       ||   828
       Demon blade       |       |       |       |       |   710 |   504 ||  1214
Invok: Heroism           |       |       |     4 |    28 |    32 |    18 ||    82
       Finesse           |       |       |       |       |     2 |       ||     2
 Abil: Fly               |       |       |       |     1 |       |       ||     1
Evoke: Wand              |       |       |       |    19 |     2 |     2 ||    23
       Lamp of fire      |       |       |       |       |     1 |     2 ||     3
  Use: Scroll            |       |     8 |     6 |    11 |    13 |    17 ||    55
       Potion            |       |     4 |     8 |     2 |     2 |     6 ||    22
 Stab: Distracted        |       |       |       |     1 |       |       ||     1
       Paralysed         |       |       |       |       |     2 |       ||     2
       Petrified         |       |       |       |       |       |     5 ||     5
  Eat: Ration            |     1 |     1 |     3 |     7 |     8 |     4 ||    24
       Chunk             |       |     3 |     2 |     7 |     4 |     7 ||    23
Armor: Scale mail        |    29 |    34 |       |       |       |       ||    63
       Skin              |       |    24 |    31 |       |       |       ||    55
       Leather armour    |       |     3 |    60 |    73 |       |       ||   136
       Chain mail        |       |       |       |    18 |   297 |    70 ||   385
Dodge: Dodged            |     9 |    42 |   108 |   349 |   483 |   150 ||  1141
Block: Shield            |    26 |    78 |   230 |   460 |   682 |     9 ||  1485
       Large shield      |       |       |       |       |       |   493 ||   493
       Rpst.: Long sword |     3 |    11 |    10 |    41 |    33 |       ||    98
       Demon blade       |       |       |       |       |    96 |    29 ||   125

Table legend:
 A = Non-vault XP
 B = Vault XP
 C = Vault XP percentage of total XP
 D = Non-vault monster count
 E = Vault monster count
 F = Vault count percentage of total count
                 A         B        C        D         E       F
            +---------+---------+-------+---------+---------+-------
      Total |  133447 |   55282 |  29.3 |     665 |     162 |  19.6
            +---------+---------+-------+---------+---------+-------
        D:1 |      78 |       0 |   0.0 |      27 |       0 |   0.0
        D:2 |      40 |      84 |  67.7 |      13 |       8 |  38.1
        D:3 |     141 |       0 |   0.0 |      19 |       0 |   0.0
        D:4 |     568 |     225 |  28.4 |      21 |       2 |   8.7
        D:5 |     745 |       3 |   0.4 |      35 |       1 |   2.8
        D:6 |    1466 |       0 |   0.0 |      32 |       0 |   0.0
        D:7 |    2679 |     122 |   4.4 |      41 |       1 |   2.4
        D:8 |    2012 |       0 |   0.0 |      23 |       0 |   0.0
        D:9 |    3966 |     251 |   6.0 |      48 |       5 |   9.4
       D:10 |    1985 |       0 |   0.0 |      17 |       0 |   0.0
       D:11 |    5990 |       0 |   0.0 |      35 |       0 |   0.0
       D:12 |    7412 |    1661 |  18.3 |      23 |       8 |  25.8
       D:13 |    7138 |       0 |   0.0 |      26 |       0 |   0.0
       D:14 |    8120 |    9196 |  53.1 |      40 |      45 |  52.9
       D:15 |    8872 |    5063 |  36.3 |      29 |       3 |   9.4
     Lair:1 |    4662 |       0 |   0.0 |      24 |       0 |   0.0
     Lair:2 |    5978 |    1063 |  15.1 |      21 |       2 |   8.7
     Lair:3 |    3317 |       0 |   0.0 |      21 |       0 |   0.0
     Lair:4 |     852 |    2917 |  77.4 |       4 |       8 |  66.7
     Lair:5 |    9068 |     802 |   8.1 |      30 |       1 |   3.2
     Lair:6 |   13531 |   12508 |  48.0 |      38 |      46 |  54.8
   Shoals:1 |   11525 |    3923 |  25.4 |      23 |       2 |   8.0
   Shoals:2 |   16311 |    5270 |  24.4 |      42 |      10 |  19.2
   Shoals:3 |    8867 |    1200 |  11.9 |      19 |       3 |  13.6
   Shoals:4 |    8124 |   10994 |  57.5 |      14 |      17 |  54.8
            +---------+---------+-------+---------+---------+-------

Levels and vault maps discovered:
D:1:      dpeg_arrival_simpleton_a, layout_loops_corners
D:2:      layout_loops_ring, okawaru_altar_gauntlet_db, uniq_natasha,
          uniq_jessica
D:3:      layout_loops_ring, grunt_temple_overflow_growth_and_decay,
          overflow_temple_1_default, chequers_temple_overflow_minitemple
D:4:      layout_cave_pools, first_ration, uniq_duvessa
D:5:      layout_basic, marbit_many_paths, tso_altar, serial_shops,
          nicolae_shop_window_shopping, minmay_stone_trees_small,
          eino_tiny_chamber, lemuel_another_geyser
D:6:      layout_loops_ring, grunt_dithmenos_smoke_and_mirrors,
          makhleb_altar_promises_db, serial_shops, nicolae_shop_behind_doors
D:7:      layout_rooms, minmay_temple_entry_enclosed_plants, grunt_ogre_cave
D:8:      layout_rooms
D:9:      gammafunk_steamed_eel, layout_gridville, slow_altar_1, serial_shops,
          shop, chequers_big_river, kennysheep_generic_room_8
D:10:     layout_long_grid, dpeg_oklobed_lair, eino_tiny_chamber,
          serial_bayou_ford_a
D:11:     layout_roguey
D:12:     layout_roguey, david_orc_2, hangedman_decor_opposing, uniq_snorg
D:13:     layout_rooms, serial_shops, shop
D:14:     layout_long_grid, lightli_vaults_fourway_checkpoint,
          lemuel_mausoleum_altar_yredelemnul, ebering_ghost_xom,
          nicolae_trove_entry_path_of_doom, special_room [special_room_bee]
D:15:     grunt_enter_depths_hoard, layout_cross, abandoned_shop, uniq_rupert
Lair:1:   layout_layer_cave, basic_altar, grunt_megastairs_5
Lair:2:   layout_regular_city, serial_rivers, chequers_serial_rivers_room_b,
          chequers_serial_rivers_small_3, chequers_serial_rivers_room_a,
          chequers_serial_rivers_small_3, chequers_serial_rivers_small_b,
          st_stairs_8, serial_bayou_lagoon_b, infiniplex_staircase_pool_2,
          uniq_urug
Lair:3:   layout_regular_city
Lair:4:   layout_layer_cave, elwin_shoals_entry_rocks, spider_nest_entry_a,
          chequers_serial_rivers_room_a, grunt_megastairs_2, uniq_josephine
Lair:5:   layout_regular_city, slime_dummy, uniq_sonja
Lair:6:   minmay_lair_end_frog_pond, layout_gridlike
Shoals:1: layout_shoals, ebering_ghost_gozag,
          nicolae_shoals_arrival_archipelago, uniq_frances, uniq_louise
Shoals:2: cheibrodos_shoals_oceanic_diplomacy, layout_shoals
Shoals:3: layout_shoals, hangedman_feature_mirror,
          nicolae_shoals_circle_sea_wall, yaktaur_hedge
Shoals:4: shoals_end_hangedman, layout_shoals, nicolae_shoals_drake_roost,
          uniq_polyphemus, uniq_aizul

Table legend:
 A = Turns spent in this place as a percentage of turns spent in the entire game.
 B = Non-inter-level travel turns spent in this place as a percentage of non-inter-level travel turns spent in the entire game.
 C = Inter-level travel turns spent in this place as a percentage of turns spent in this place.
 D = Turns resting spent in this place as a percentage of non-inter-level travel turns spent in this place.
 E = Turns spent auto-exploring this place as a percentage of non-inter-level travel turns spent in this place.
 F = Non-inter-level travel turns spent in this place divided by the number of levels of this place that you've seen.
                   A       B       C       D       E      F
               +-------+-------+-------+-------+-------+----------------------
         Total | 100.0 | 100.0 |   5.1 |  37.6 |  41.4 | 1244.2
       Dungeon |  51.3 |  50.6 |   6.4 |  33.5 |  43.9 | 1049.7
          Lair |  28.8 |  28.8 |   5.2 |  35.6 |  46.6 | 1490.5
        Shoals |  19.9 |  20.6 |   1.6 |  50.1 |  28.1 | 1603.8
               +-------+-------+-------+-------+-------+----------------------

Table legend:
 A = Kills in this place as a percentage of kills in entire the game.
 B = Kills by you in this place as a percentage of kills by you in the entire game.
 C = Kills by friends in this place as a percentage of kills by friends in the entire game.
 D = Other kills in this place as a percentage of other kills in the entire game.
 E = Experience gained in this place as a percentage of experience gained in the entire game.
 F = Experience gained in this place divided by the number of levels of this place that you have seen.
                   A       B       C       D       E      F
               +-------+-------+-------+-------+-------+----------------------
         Total | 100.0 | 100.0 |   N/A | 100.0 | 100.0 | 7549.2
       Dungeon |  60.7 |  60.8 |   N/A |   0.0 |  35.9 | 4521.1
          Lair |  23.6 |  23.5 |   N/A |  50.0 |  29.0 | 9116.3
        Shoals |  15.7 |  15.6 |   N/A |  50.0 |  35.1 | 16553.5
               +-------+-------+-------+-------+-------+----------------------
